 Dungeon Crawl Stone Soup version 0.30.0-19-gbf45117a57 (webtiles) character file.

Game seed: 4365327339157590705

504 qw the Chopper (level 7, -2/43 HPs)
             Began as a Gargoyle Fighter on May 23, 2023.
             Was an Initiate of Okawaru.
             Slain by a gnoll
             ... wielding a +0 halberd
              (4 damage)
             ... on level 4 of the Dungeon.
             The game lasted 00:01:19 (2438 turns).

qw the Chopper (Gargoyle Fighter)                   Turns: 2438, Time: 00:01:19

Health: -2/43      AC: 12    Str: 21    XL:     7   Next: 17%
Magic:  7/7        EV: 10    Int:  9    God:    Okawaru [......]
Gold:   194        SH:  4    Dex:  9    Spells: 6/6 levels left

rFire   . . .        Y - +1 war axe
rCold   . . .        c - +0 buckler
rNeg    + . .        b - +0 scale mail
rPois   inf          i - +0 helmet
rElec   +            (no cloak)
rCorr   .            (no gloves)
SInv    .            (no boots)
Will    .....        (no amulet) Stlth
                     (no ring)
HPRegen 0.27/turn    (no ring)
MPRegen 0.10/turn

%: no passive effects
@: no status effects
A: sickness immunity, AC +4, negative energy resistance 1, electricity
resistance, torment resistance 1, petrification resistance
a: Renounce Religion


You were on level 4 of the Dungeon.
You worshipped Okawaru.
Okawaru was noncommittal.
You visited 2 branches of the dungeon, and saw 5 of its levels.

You collected 194 gold pieces.


Innate Abilities, Weirdness & Mutations

You are immune to sickness and miasma.
Your stone body is resilient. (AC +4)
You are immune to poison.
You resist negative energy. (rN+)
You are resistant to electric shocks. (rElec)
You are resistant to unholy torment.
You are immune to petrification.


   Skills:
 - Level 4.3 Fighting
 + Level 5.3 Axes
 - Level 3.2 Armour
 - Level 3.0 Dodging
 - Level 3.2 Shields


You had 6 spell levels left.
You didn't know any spells.
Your spell library was empty.

Inventory:

Hand Weapons
 n - a +0 flail
 Y - a +1 war axe (weapon)
Armour
 b - a +0 scale mail (worn)
 c - a +0 buckler (worn)
 i - a +0 helmet (worn)
Scrolls
 a - a scroll of identify
Potions
 d - 3 potions of might
 f - a potion of cancellation
 g - a potion of attraction {unknown}
 j - a potion of berserk rage {unknown}
 k - a potion of ambrosia {unknown}
 l - a potion of degeneration {unknown}
 m - a potion of lignification {unknown}
 o - a potion of haste {unknown}
 q - a potion of flight {unknown}

Dungeon Overview and Level Annotations

Branches:
Dungeon (4/15)             Temple (1/1) D:4

Altars:
Dithmenos
Fedhas
Gozag
Kikubaaqudgha
Nemelex Xobeh
Okawaru
Qazlal
Ru
Sif Muna
Vehumet
Xom
Yredelemnul

Shops:
D:2 =


Message History

The gnoll is almost dead.
You closely miss the gnoll.
The gnoll is almost dead.
The gnoll hits you but does no damage.
The gnoll hits you with a +4 spear of venom.
The gnoll hits you from afar with a +0 spear.
You barely miss the gnoll.
The gnoll is almost dead.
You hit the gnoll. You block the gnoll's attack. The gnoll misses you.
The gnoll closely misses you.
The gnoll hits you from afar with a +0 spear.
The gnoll closely misses you. The gnoll hits you but does no damage.
The gnoll barely misses you. x2
You hit the gnoll.
You kill the gnoll!
Okawaru accepts your kill.
You hit the gnoll but do no damage. The gnoll closely misses you.
The gnoll barely misses you. You block the gnoll's attack.
You barely miss the gnoll.
The gnoll is lightly wounded.
The gnoll closely misses you. x2
You slash the gnoll!
The gnoll is severely wounded.
The gnoll hits you but does no damage. x3
You hit the gnoll.
The gnoll is almost dead.
The gnoll hits you from afar with a +0 halberd.
The gnoll hits you with a +0 club. The gnoll barely misses you.
You block the gnoll's attack. The gnoll hits you with a +0 club.
The gnoll hits you from afar with a +0 halberd!
You slash the gnoll!
You kill the gnoll!
Okawaru accepts your kill. The gnoll closely misses you. x2
The gnoll hits you with a +0 spear. The gnoll hits you with a +0 halberd.
You hit the gnoll but do no damage. You slash the gnoll!
The gnoll hits you with a +0 halberd.
You die...

..............
#............#
##.............
..............#
#......#.... ##
##....#.... ###.
........)############...
......g@................
##>..#g#####..####......
## ..# #### #.###.# ###
#.# #.# ##.###.#
##......# ## ##...#####
##..#...##
#.......######


You could see 2 gnolls.

Vanquished Creatures
  Grinder (D:4)
  A centaur (D:3)
  An orc priest (D:4)
  An iguana (D:3)
  5 gnolls (D:4)
  4 adders
  An ufetubus (D:3)
  A worm (D:4)
  4 dart slugs
  4 orcs (D:3)
  4 bats
  6 endoplasms
  2 giant cockroaches
  3 goblins (D:1)
  4 hobgoblins
  8 jackals
  2 quokkas
  6 ball pythons
  A frilled lizard (D:2)
  3 kobolds
  4 rats (D:2)
66 creatures vanquished.

Notes
Turn   | Place    | Note
-------+----------+-------------------------------------------
     0 | D:1      | qw the Gargoyle Fighter began the quest for the Orb.
     0 | D:1      | Reached XP level 1. HP: 14/14 MP: 1/1
     0 | D:1      | 0 ||| qw: Version: 0.2-a-98-g5d7165a
     0 | D:1      | 0 ||| qw: Game counter: 22
     0 | D:1      | 0 ||| qw: Always use a shield: true
     0 | D:1      | 0 ||| qw: God list: Okawaru
     0 | D:1      | 0 ||| qw: Allow faded altars: false
     0 | D:1      | 0 ||| qw: Do Orc after D:15 true
     0 | D:1      | 0 ||| qw: Do second Lair branch before Depths: true
     0 | D:1      | 0 ||| qw: Lair rune preference: random
     0 | D:1      | 0 ||| qw: Plans: Normal, Zot:1-4, God:TSO, Crypt, Tomb,
                  | Pan, Slime:5, Hells, Abyss, Win
     0 | D:1      | 0 ||| PLANNING D:1-11
    47 | D:1      | Reached skill level 2 in Axes
   111 | D:1      | Reached XP level 2. HP: 19/19 MP: 2/2
   459 | D:1      | 459 ||| Stepping ~*~*~tactically~*~*~ (hiding).
   580 | D:1      | 580 ||| UPGRADING to +0 helmet.
   585 | D:1      | 585 ||| READING scroll labelled DITAQUNONU.
   586 | D:1      | 586 ||| READING scroll labelled KEOWYI SOXOZ.
   587 | D:1      | 587 ||| READING scroll labelled YTISCH OLAM.
   632 | D:2      | 632 ||| Stepping ~*~*~tactically~*~*~ (stealth).
   635 | D:2      | Reached skill level 3 in Axes
   639 | D:2      | Reached XP level 3. HP: 23/23 MP: 3/3
   906 | D:2      | Found a faded altar of an unknown god.
  1072 | D:2      | Found Gikuyxt's Jewellery Emporium.
  1075 | D:2      | 1075 ||| SHOPLISTING +6 ring of dexterity (468 gold, have
                  | 76).
  1075 | D:2      | 1075 ||| SHOPLISTING amulet of Elemental Vulnerability
                  | {rPois rF-- rC-- AC+8} (497 gold, have 76).
  1075 | D:2      | 1075 ||| SHOPLISTING amulet of guardian spirit (390 gold,
                  | have 76).
  1075 | D:2      | 1075 ||| SHOPLISTING ring of Toutzud {Fire *Corrode Will+
                  | Int+3} (497 gold, have 76).
  1075 | D:2      | 1075 ||| SHOPLISTING ring of protection from fire (325
                  | gold, have 76).
  1075 | D:2      | 1075 ||| SHOPLISTING ring of see invisible (195 gold, have
                  | 76).
  1118 | D:2      | 1118 ||| READING scroll labelled LAS SOMEJI.
  1119 | D:2      | 1119 ||| READING scroll labelled WIGEAWN CUECOFFIOMN.
  1120 | D:2      | 1120 ||| READING scroll labelled PES QOYMIYCOTY.
  1121 | D:2      | 1121 ||| READING scroll labelled TEIXKA BYOLYCS.
  1158 | D:3      | 1158 ||| Stepping ~*~*~tactically~*~*~ (hiding).
  1380 | D:3      | Reached XP level 4. HP: 28/28 MP: 4/4
  1401 | D:3      | Reached skill level 4 in Axes
  1419 | D:3      | 1419 ||| DROPPING +0 club.
  1572 | D:3      | 1572 ||| Stepping ~*~*~tactically~*~*~ (stealth).
  1586 | D:3      | 1586 ||| Stepping ~*~*~tactically~*~*~ (stealth).
  1589 | D:3      | 1589 ||| Stepping ~*~*~tactically~*~*~ (stealth).
  1590 | D:3      | 1590 ||| Stepping ~*~*~tactically~*~*~ (stealth).
  1630 | D:3      | Noticed a centaur
  1631 | D:3      | 1631 ||| Stepping ~*~*~tactically~*~*~ (hiding).
  1638 | D:3      | Killed a centaur
  1639 | D:3      | Reached skill level 5 in Axes
  1639 | D:3      | Reached XP level 5. HP: 28/32 MP: 5/5
  1951 | D:3      | 1951 ||| READING scroll labelled AMUERA RA OTT.
  1952 | D:3      | 1952 ||| READING scroll labelled HEMO LATAEC.
  1953 | D:3      | 1953 ||| DRINKING 2 smoky coppery potions.
  1954 | D:3      | 1954 ||| READING 2 scrolls of identify.
  1954 | D:3      | 1954 ||| IDENTIFYING white potion
  2008 | D:4      | 2008 ||| STAIRDANCE
  2055 | D:4      | Found a staircase to the Ecumenical Temple.
  2056 | D:4      | 2056 ||| PLANNING TEMPLE
  2062 | D:4      | Reached XP level 6. HP: 35/38 MP: 6/6
  2080 | Temple   | Entered the Ecumenical Temple
  2090 | Temple   | 2090 ||| PLANNING OKAWARU WORSHIP
  2097 | Temple   | Became a worshipper of Warmaster Okawaru
  2097 | Temple   | 2097 ||| PLANNING D:1-11
  2119 | D:4      | Noticed Grinder
  2120 | D:4      | 2120 ||| Stepping ~*~*~tactically~*~*~ (hiding).
  2139 | D:4      | Paralysed by Grinder for 4 turns
  2141 | D:4      | HP: 6/38 [Grinder (7)]
  2143 | D:4      | 2143 ||| DRINKING potion of heal wounds.
  2157 | D:4      | Paralysed by Grinder for 2 turns
  2160 | D:4      | HP: 9/38 [Grinder (1)]
  2161 | D:4      | HP: 4/38 [Grinder (5)]
  2162 | D:4      | Killed Grinder
  2163 | D:4      | Reached skill level 3 in Dodging
  2163 | D:4      | Reached XP level 7. HP: 3/43 MP: 7/7
  2225 | D:4      | Reached * piety under Okawaru
  2226 | D:4      | 2226 ||| INVOKING Heroism.
  2435 | D:4      | HP: 8/43 [gnoll/+0 halberd (10)]
  2437 | D:4      | HP: 2/43 [gnoll/+0 halberd (6)]
  2438 | D:4      | Slain by a gnoll

Levels and vault maps discovered:
D:1:      lightli_arrival_maybe_door_vault, layout_basic
D:2:      layout_rooms, serial_shops, nicolae_shop_tiny_real_fake_doors,
          nicolae_ecumenical_snake_handling, kennysheep_generic_room_8
D:3:      layout_loops_ring
D:4:      minmay_octagon_keep, layout_rooms, minitemple,
          minmay_temple_entry_proselytizer, serial_shops,
          nicolae_lakefront_shop, nicolae_shop_trees, uniq_grinder,
          uniq_blork_the_orc
Temple:   hellmonk_temple_two_chambers

Skill      XL: |  1  2  3  4  5  6 |
---------------+-------------------+-----
Axes           | 2 3 5 |  5.3
Fighting       | 4 |  4.3
Dodging        | 3 |  3.0
Armour         | |  3.2
Shields        | |  3.2

Action                     |  1- 3 |  4- 6 |  7- 9 || total
---------------------------+-------+-------+-------++-------
  Melee: War axe           |    96 |   100 |    28 ||   224
 Invoke: Heroism           |       |       |     1 ||     1
    Use: Scroll            |     7 |     3 |       ||    10
         Potion            |       |     2 |       ||     2
 Armour: Scale mail        |    56 |    63 |    10 ||   129
  Dodge: Dodged            |    43 |    41 |    23 ||   107
  Block: Buckler           |    18 |    15 |     9 ||    42

Table legend:
 A = Non-vault XP
 B = Vault XP
 C = Vault XP percentage of total XP
 D = Non-vault monster count
 E = Vault monster count
 F = Vault count percentage of total count
                 A         B        C        D         E       F
            +---------+---------+-------+---------+---------+-------
      Total |     378 |     343 |  47.6 |      59 |       7 |  10.6
            +---------+---------+-------+---------+---------+-------
        D:1 |      28 |       0 |   0.0 |      13 |       0 |   0.0
        D:2 |      27 |       7 |  20.6 |      10 |       5 |  33.3
        D:3 |     224 |       0 |   0.0 |      24 |       0 |   0.0
        D:4 |      99 |     336 |  77.2 |      12 |       2 |  14.3
            +---------+---------+-------+---------+---------+-------
